 Dungeon Crawl Stone Soup version 0.30-a0-634-g8abc852 (webtiles) character file.

Game seed: 6596306696490825158

104406 Geeful the Thaumaturge (level 15, -8/121 HPs)
             Began as a Mummy Necromancer on Dec 4, 2022.
             Was a High Priest of Sif Muna.
             Mangled by a salamander
             ... wielding a +0 halberd
              (15 damage)
             ... on level 1 of the Snake Pit on Jan 14, 2023.
             The game lasted 03:34:24 (35123 turns).

Geeful the Thaumaturge (Mummy Necromancer)         Turns: 35123, Time: 03:34:24

Health: -8/121     AC: 13    Str: 13    XL:     15   Next: 91%
Magic:  14/42      EV: 18    Int: 30    God:    Sif Muna [*****.]
Gold:   2414       SH: 23    Dex: 14    Spells: 19/43 levels left

rFire   . . .      SeeInvis +    a - +9 dagger of the Oily God {venom, SInv}
rCold   + + .      Faith    +    H - +2 tower shield
rNeg    + + +      Spirit   .    c - +2 robe {Archmagi}
rPois   ∞          Reflect  +    k - +2 helmet of Zeamnuhi {rF+ rC+ rN+ Int+3}
rElec   .          Harm     .    m - +1 cloak
rCorr   .          Rampage  .    s - +0 pair of gloves of Grace {Int+8}
Will    +....      Archmagi +    A - +2 pair of boots {Stlth+}
Stlth   ++++                     R - amulet of reflection
HPRegen 0.40/turn                g - ring of magical power
MPRegen 0.28/turn                D - +4 ring of evasion

@: slowed, very slow
A: cold resistance 1, negative energy resistance 3, torment resistance 2, heat
vulnerability 1, in touch with death 2, no potions, faith
a: Renounce Religion, Channel Magic, Forget Spell, Divine Exegesis


You were on level 1 of the Snake Pit.
You worshipped Sif Muna.
Sif Muna was extremely pleased with you.
You visited 5 branches of the dungeon, and saw 25 of its levels.
You also visited: Ossuary and Bailey.

You collected 3009 gold pieces.
You spent 595 gold pieces at shops.

Inventory:

Hand Weapons
 a - the +9 dagger of the Oily God (weapon) {venom, SInv}
   (You found it on level 1 of the Lair of Beasts)

   SInv:      It lets you see invisible.
 b - the +10 dagger of the Spheres {heavy, rC++}
   (You bought it in a shop on level 2 of the Orcish Mines)

   rC:        It greatly protects you from cold.
 f - the +5 falchion of Miphaucw {venom, rF+ Str+4 Int+4 SInv}
   (You found it on level 1 of the Snake Pit)

   Str:       It affects your strength (+4).
   Int:       It affects your intelligence (+4).
   rF:        It protects you from fire.
   SInv:      It lets you see invisible.
Missiles
 d - 43 poisoned darts
 q - 12 curare-tipped darts (quivered)
 t - 2 throwing nets
Armour
 c - a +2 robe of the Archmagi (worn)
 k - the +2 helmet of Zeamnuhi (worn) {rF+ rC+ rN+ Int+3}
   (You took it off Robin on level 2 of the Dungeon)

   Int:       It affects your intelligence (+3).
   rF:        It protects you from fire.
   rC:        It protects you from cold.
   rN:        It protects you from negative energy.
 l - a +0 robe
 m - a +1 cloak (worn)
 s - the +0 pair of gloves of Grace (worn) {Int+8}
   (You found it on level 3 of the Dungeon)

   Int:       It affects your intelligence (+8).
 x - a +2 kite shield
 A - a +2 pair of boots of stealth (worn)
 H - a +2 tower shield (worn)
Magical Staves
 w - a staff of death
Jewellery
 g - a ring of magical power (left hand)
 h - a +6 ring of intelligence
 r - an amulet of regeneration
 z - a +6 ring of dexterity
 B - a ring of fire
 D - a +4 ring of evasion (right hand)
 G - a ring of see invisible
 J - a ring of protection from cold
 O - a ring of fire
 R - an amulet of reflection (around neck)
Wands
 e - a wand of flame (20)
 p - a wand of digging (6)
 C - a wand of quicksilver (21)
 F - a wand of polymorph (9)
 L - a wand of mindburst (7)
 M - a wand of iceblast (3)
 N - a wand of charming (12)
Scrolls
 i - 3 scrolls of amnesia
 j - 4 scrolls of fog
 n - 9 scrolls of brand weapon
 o - 7 scrolls of teleportation
 u - 7 scrolls of blinking
 v - a scroll of fear
 y - 3 scrolls of torment
 E - 9 scrolls of enchant weapon
 I - 14 scrolls of identify
 K - 2 scrolls of immolation
 S - a scroll of magic mapping
 T - a scroll of poison
Miscellaneous
 P - a phial of floods
 Q - a piece from Xom's chessboard (15/15)


   Skills:
 + Level 12.3 Fighting
 + Level 4.4 Short Blades
 - Level 10.4 Dodging
 - Level 4.0 Stealth
 + Level 9.2 Shields
 + Level 14.7 Spellcasting
 - Level 2.0 Hexes
 + Level 1.6 Summonings
 + Level 12.0 Necromancy
 - Level 2.0 Ice Magic
 - Level 10.0 Invocations


You had 19 spell levels left.
You knew the following spells:

 Your Spells              Type           Power      Damage    Failure   Level
a - Necrotise             Necr           100%       1d9       1%          1
b - Vampiric Draining     Necr           100%       2d13      1%          3
c - Summon Guardian Gole  Hex/Summ       49%        N/A       21%         3
d - Agony                 Necr           100%       N/A       3%          5
e - Scorch                Fire           66%        2d8       22%         2
f - Anguish               Hex/Necr       60%        N/A       9%          4
g - Dispel Undead         Necr           100%       3d31      1%          4
h - Ensorcelled Hibernat  Hex/Ice        100%       N/A       10%         2

Your spell library contained the following spells:

 Spells                   Type           Power      Damage    Failure   Level
 Kiss of Death            Conj/Necr      100%       2d13      1%          1
 Animate Dead             Necr           100%       N/A       1%          4
 Cigotuvi's Dreadful Rot  Necr/Pois/Air  100%       N/A       4%          2
 Slow                     Hex            100%       N/A       6%          1
 Shock                    Conj/Air       100%       1d9       14%         1
 Sting                    Tmut/Pois      100%       1d8       14%         1
 Ozocubu's Armour         Ice            50%        N/A       19%         3
 Tukima's Dance           Hex            50%        N/A       19%         3
 Momentum Strike          Conj/Tloc      66%        3d9       22%         2
 Poisonous Vapours        Pois/Air       66%        N/A       22%         2
 Static Discharge         Conj/Air       66%        2-5/arc   22%         2
 Call Canine Familiar     Summ           47%        N/A       22%         3
 Inner Flame              Hex/Fire       42%        N/A       28%         3
 Portal Projectile        Hex/Tloc       84%        N/A       28%         3
 Borgnjor's Vile Clutch   Necr/Erth      57%        N/A       34%         5
 Gell's Gravitas          Tloc           33%        N/A       41%         3
 Ignite Poison            Fire/Tmut/Pois 33%        N/A       41%         3
 Lesser Beckoning         Tloc           66%        N/A       41%         3
 Mephitic Cloud           Conj/Pois/Air  33%        N/A       41%         3
 Stone Arrow              Conj/Erth      66%        3d11      41%         3
 Teleport Other           Tloc           33%        N/A       41%         3
 Vhi's Electric Charge    Tloc/Air       66%        N/A       41%         3
 Cause Fear               Hex            25%        N/A       54%         4
 Fulminant Prism          Conj/Hex       21%        3d12      67%         4
 Leda's Liquefaction      Hex/Erth       21%        N/A       67%         4
 Animate Armour           Summ/Erth      80%        N/A       71%         4
 Flame Wave               Conj/Fire      33%        2d10      82%         4
 Iskenderun's Mystic Bla  Conj/Tloc      33%        2d8       82%         4
 Olgreb's Toxic Radiance  Pois           33%        N/A       82%         4
 Passage of Golubria      Tloc           33%        N/A       82%         4
 Petrify                  Tmut/Erth      33%        N/A       82%         4
 Sticky Flame             Conj/Fire      33%        2d5       82%         4
 Metabolic Englaciation   Hex/Ice        25%        N/A       87%         5
 Yara's Violent Unravell  Hex/Tmut       21%        3d10      95%         5
 Freezing Cloud           Conj/Ice/Air   19%        6-21      97%         5
 Arcjolt                  Conj/Air       16%        1d26      99%         5
 Fireball                 Conj/Fire      16%        3d8       99%         5
 Irradiate                Conj/Tmut      16%        3d17      99%         5
 Lightning Bolt           Conj/Air       16%        1d30      99%         5
 Dispersal                Tloc           16%        N/A       100%        6
 Eringya's Noxious Bog    Tmut/Pois      16%        N/A       100%        6
 Iron Shot                Conj/Erth      16%        9d4       100%        6
 Starburst                Conj/Fire      16%        6d6       100%        6
 Summon Cactus Giant      Summ           23%        N/A       100%        6
 Enfeeble                 Hex            25%        N/A       100%        7
 Haunt                    Necr/Summ      59%        N/A       100%        7
 Orb of Destruction       Conj           16%        9d7       100%        7
 Spellforged Servitor     Conj/Summ      20%        N/A       100%        7
 Discord                  Hex            25%        N/A       100%        8
 Lehudib's Crystal Spear  Conj/Erth      16%        10d5      100%        8
 Fire Storm               Conj/Fire      16%        8d4       100%        9
 Polar Vortex             Ice            25%        N/A       100%        9
 Sublimation of Blood     Necr           Unusable   N/A       N/A         2
 Beastly Appendage        Tmut           Unusable   N/A       N/A         1
 Wereblood                Tmut           Unusable   N/A       N/A         2
 Spider Form              Tmut/Pois      Unusable   N/A       N/A         3

Dungeon Overview and Level Annotations

Branches:
Dungeon (15/15)            Temple (1/1) D:5            Lair (5/5) D:8
 Shoals (0/4) Lair:2        Snake (2/4) Lair:3        Slime (0/5) Lair:4
    Orc (2/2) D:10            Elf (0/3) Orc:2        Vaults (0/5) D:13
Ossuary (visited)          Bailey (visited)
 Depths: D:15

Altars:
Ashenzari
Cheibriados
Kikubaaqudgha
Qazlal
Ru
Sif Muna
Uskayaw
Vehumet
Wu Jian
Yredelemnul
Jiyva

Shops:
Orc:1 ?   Orc:2 ?(*

Annotations:
D:4 exclusion: downstairs
D:9 exclusion: downstairs
D:12 exclusion: downstairs
D:14 2 runed translucent doors, exclusion: downstairs, Draconius's ghost, adept GrFi
D:15 3 runed translucent doors, exclusion: door, Orra's ghost, adept MiAK
Lair:3 2 transporters, dontdoit's ghost, adept DrRe
Lair:4 1 runed translucent door
Snake:2 Roxanne
Orc:1 exclusion: downstairs


Innate Abilities, Weirdness & Mutations

You are immune to poison.
Your flesh is cold resistant. (rC+)
You are immune to negative energy. (rN+++)
You are immune to unholy pain and torment.
You are vulnerable to heat. (rF-)
You are strongly in touch with the powers of death.
You do not drink.
You have a special connection with the divine. (Faith)


Message History

You climb upwards.
Your magical contamination has completely faded away.
There is a stone staircase leading down here.
Casting: Vampiric Draining (safe; 1% risk of failure)
Confirm with . or Enter, or press ? or * to list all spells.
Aiming: Agony (dangerous; 3% risk of failure)
Press: ? - help, Shift-Dir - straight line, f - guardian serpent
Aim: a guardian serpent (heavily wounded, anguished, chance to affect: 97%)
You feel a huge surge of power!
The guardian serpent convulses!
You block the guardian serpent's attack.
The salamander hits you with a +0 halberd.
You are engulfed in flames!
The salamander is wracked by anguish!!
The guardian serpent hits you!
The guardian serpent is wracked by anguish!
You block the salamander's attack.
You closely miss the guardian serpent.
The guardian serpent is almost dead.
You block the guardian serpent's attack.
You block the salamander's attack.
You block the guardian serpent's attack.
The salamander hits you with a +0 halberd!
* * * LOW HITPOINT WARNING * * *
You are engulfed in flames!
* * * LOW HITPOINT WARNING * * *
The salamander is wracked by anguish!!
The guardian serpent hits you but does no damage.
Casting: Agony (dangerous; 3% risk of failure)
Confirm with . or Enter, or press ? or * to list all spells.
Aiming: Vampiric Draining (safe; 1% risk of failure)
Press: ? - help, Shift-Dir - straight line, f/p - guardian serpent
Aim: a guardian serpent (almost dead, anguished)
You feel a huge surge of power!
You draw life force from the guardian serpent!!
You kill the guardian serpent!
Sif Muna accepts your kill.
You feel life coursing into your body.
The salamander hits you with a +0 halberd!
* * * LOW HITPOINT WARNING * * *
You are engulfed in flames!
You die...

....................#
.....)..............#
........(...........#
....................#
................<...#
....................#
............#.......#
.############.......##
.# #..N@....## .#
#.........## .#
#..........# ##### .#
#..........# ###...#
.# #..........#
##...... .#
##..........###.......
##
#.....................
#
#..................##.
#
#.................####


You could see a salamander (strong, anguished).

Vanquished Creatures
  Louise (D:14)
  Snorg (D:10)
  2 hydras
  4 vault guards (D:13)
  A merfolk avatar (Lair:5)
  5 centaur warriors
  A boulder beetle (Lair:5)
  3 catoblepae
  Erica (D:8)
  3 anacondas
  10 death yaks
  A naga warrior (Snake:2)
  2 two-headed ogres
  A naga sharpshooter (Snake:1)
  A salamander mystic (Snake:2)
  3 skeletal warriors (D:13)
  A sea snake (Lair:4)
  Pikel (D:8)
  A harpy (Lair:5)
  5 deep elf pyromancers
  4 deep elf zephyrmancers
  7 orc knights
  A mana viper (Snake:2)
  2 ugly things (D:15)
  2 orc sorcerers
  5 cyclopes
  5 manticores
  13 elephants
  A guardian serpent (Snake:1)
  9 black mambas
  Maurice (Orc:2)
  3 salamanders (Snake:2)
  4 naga magi
  8 cane toads
  A black mamba (shapeshifter) (D:13)
  A torpor snail (Lair:5)
  A gargoyle (D:14)
  8 komodo dragons
  2 unseen horrors (D:11)
  Psyche (D:9)
  10 rime drakes
  5 trolls
  12 polar bears
  A wolf spider simulacrum (D:14)
  2 wind drakes (Lair:5)
  8 blink frogs
  2 hornets
  A snapping turtle (Lair:2)
  A dream sheep (Lair:4)
  12 slime creatures
  A vampire (D:14)
  4 wraiths
  A shadow (D:10)
  3 centaur simulacra
  39 yaks
  6 wyverns
  Eustachio (D:5)
  A water elemental (D:14)
  6 basilisks
  A fire elemental (Orc:1)
  7 humans (D:13)
  10 steam dragons
  11 vampire mosquitoes
  2 wargs (Orc:1)
  9 nagas
  Edmund (D:5)
  3 acid dragons
  3 hell hounds
  19 water moccasins
  3 ice beasts
  Pargi (D:3)
  A hornet zombie (D:7)
  4 black bears
  A meliai simulacrum (D:12)
  40 orc warriors
  2 sky beasts (D:7)
  6 ogres
  27 wolves
  24 centaurs
  3 lemures (D:8)
  6 kobold brigands
  Blork the orc (D:4)
  8 bullfrogs
  3 necrophages
  2 scorpions (D:4)
  5 wights
  A hornet simulacrum (D:14)
  3 killer bees (D:9)
  8 electric eels
  8 howler monkeys
  2 bullfrog zombies (D:7)
  2 jellies
  A gnoll bouda (D:7)
  12 orc priests
  A hound (D:6)
  A human zombie (D:7)
  2 iguanas
  Crazy Yiuf (D:3)
  Natasha (thrice) (D:4)
  Terence (D:3)
  19 orc wizards
  11 mummies
  A boggart simulacrum (D:14)
  A howler monkey zombie (D:7)
  Robin (D:2)
  8 gnolls
  5 adders
  8 white imps
  2 ufetubi
  3 worms
  6 dart slugs
  82 orcs
  8 ball pythons
  6 bats
  9 endoplasms
  9 giant cockroaches
  A gnoll zombie (Ossuary)
  18 goblins
  5 hobgoblins
  29 kobolds
  3 quokkas
  2 frilled lizards (D:3)
  2 hobgoblin zombies (Ossuary)
  2 kobold zombies (Ossuary)
  3 orc zombies (Ossuary)
736 creatures vanquished.

Vanquished Creatures (collateral kills)
  A rakshasa (D:15)
  A goblin (D:2)
  3 kobolds
5 creatures vanquished.

Vanquished Creatures (others)
  Azrael (Orc:2)
  2 hydras (Lair:5)
  2 centaur warriors (D:13)
  An orc knight (Orc:1)
  3 deep elf zephyrmancers (Orc:2)
  2 oklob plants (Lair:3)
  2 ugly things (D:13)
  An orc sorcerer (Orc:1)
  A salamander (Snake:2)
  A naga mage (Snake:2)
  2 gargoyles
  3 meliai (D:14)
  3 dream sheep (Lair:4)
  A human (D:13)
  A basilisk (D:8)
  A naga (Snake:2)
  A water moccasin (Lair:5)
  4 orc warriors
  2 centaurs
  An orc priest (D:10)
  A white imp (D:14)
  6 orcs (Orc:1)
  40 fungi
  92 plants
174 creatures vanquished.

Grand Total: 915 creatures vanquished

Notes
Turn   | Place    | Note
-------+----------+-------------------------------------------
     0 | D:1      | Geeful the Mummy Necromancer began the quest for the Orb.
     0 | D:1      | Reached XP level 1. HP: 13/13 MP: 4/4
   201 | D:1      | Reached XP level 2. HP: 9/20 MP: 2/5
   297 | D:1      | Reached skill level 3 in Spellcasting
   336 | D:1      | Found a faded altar of an unknown god.
   563 | D:1      | Reached skill level 1 in Fighting
   720 | D:2      | Gained mutation: You are in touch with the powers of death.
                  | [Mummy growth]
   720 | D:2      | Reached XP level 3. HP: 26/26 MP: 7/7
  1117 | D:2      | Identified the +2 helmet of Zeamnuhi {rF+ rC+ rN+ Int+3}
  1117 | D:2      | Noticed Robin
  1193 | D:2      | Killed Robin
  1194 | D:2      | Reached XP level 4. HP: 31/32 MP: 2/9
  1530 | D:2      | Learned a level 3 spell: Vampiric Draining
  1577 | D:3      | Noticed Terence
  1599 | D:3      | Killed Terence
  2142 | D:3      | Reached skill level 4 in Spellcasting
  2330 | D:3      | Found a runed translucent door.
  2331 | D:3      | Noticed Crazy Yiuf
  2338 | D:3      | Killed Crazy Yiuf
  2339 | D:3      | Reached XP level 5. HP: 35/38 MP: 11/11
  2550 | D:3      | Identified the +0 pair of gloves of Grace {Int+8}
  2639 | D:3      | Noticed Pargi
  2659 | D:3      | Killed Pargi
  2660 | D:3      | Reached skill level 5 in Necromancy
  2666 | D:3      | Reached XP level 6. HP: 42/46 MP: 12/12
  2910 | D:4      | Noticed Blork the orc
  2926 | D:4      | Killed Blork the orc
  3161 | D:4      | Reached skill level 5 in Spellcasting
  3174 | D:4      | Reached XP level 7. HP: 41/52 MP: 14/14
  3183 | D:4      | Noticed Natasha
  3194 | D:4      | Killed Natasha
  3297 | D:4      | Noticed Natasha
  3303 | D:4      | Killed Natasha
  3469 | D:4      | Found a broken altar of Ashenzari.
  3773 | D:4      | Noticed Natasha
  3781 | D:4      | Killed Natasha
  3782 | D:4      | Reached skill level 6 in Spellcasting
  4366 | D:4      | Upgraded the game from 0.30-a0-390-g80c34de to
                  | 0.30-a0-421-g7324886
  4407 | D:5      | Entered Level 5 of the Dungeon
  4468 | D:5      | Reached XP level 8. HP: 61/61 MP: 17/17
  4556 | D:5      | Found a staircase to the Ecumenical Temple.
  4575 | Temple   | Entered the Ecumenical Temple
  4618 | Temple   | Became a worshipper of Sif Muna the Loreminder
  4671 | D:5      | Noticed Edmund
  4677 | D:5      | Killed Edmund
  4737 | D:5      | You fall into a shaft and drop 2 floors!
  4810 | D:7      | Reached skill level 1 in Invocations
  5022 | D:7      | Reached skill level 5 in Fighting
  5176 | D:7      | Reached skill level 7 in Spellcasting
  5497 | D:6      | Learned a level 3 spell: Summon Guardian Golem
  5497 | D:6      | Found a sand-covered staircase.
  5503 | Ossuary  | Entered an ossuary
  5577 | Ossuary  | Reached * piety under Sif Muna
  5654 | Ossuary  | Reached XP level 9. HP: 63/68 MP: 19/19
  5748 | Ossuary  | Reached skill level 5 in Dodging
  5968 | D:5      | Noticed Eustachio
  5979 | D:5      | Killed Eustachio
  6288 | D:5      | Found a stormy altar of Qazlal.
  6901 | D:6      | Reached ** piety under Sif Muna
  7073 | D:7      | Learned a level 5 spell: Agony
  7076 | D:7      | Learned a level 2 spell: Scorch
  7203 | D:7      | Reached skill level 1 in Shields
  7203 | D:7      | Reached skill level 8 in Spellcasting
  7237 | D:7      | Found a basalt altar of Yredelemnul.
  7495 | D:7      | Reached *** piety under Sif Muna
  7676 | D:8      | Noticed Erica
  7687 | D:8      | Killed Erica
  7688 | D:8      | Reached XP level 10. HP: 77/77 MP: 11/22
  7826 | D:8      | Noticed a two-headed ogre
  7870 | D:7      | Upgraded the game from 0.30-a0-421-g7324886 to
                  | 0.30-a0-471-g4f163fc
  8209 | D:8      | Reached skill level 9 in Spellcasting
  8244 | D:8      | Found a staircase to the Lair.
  8497 | D:8      | Killed a two-headed ogre
  8498 | D:8      | Upgraded the game from 0.30-a0-471-g4f163fc to
                  | 0.30-a0-476-g330ca2e
  8519 | D:8      | Reached skill level 5 in Invocations
  8770 | D:8      | Noticed Pikel
  8786 | D:8      | Killed Pikel
  9151 | D:8      | Reached **** piety under Sif Muna
  9389 | D:9      | Reached XP level 11. HP: 84/84 MP: 21/24
  9665 | D:9      | Noticed Psyche
  9670 | D:9      | Killed Psyche
  9982 | D:10     | Entered Level 10 of the Dungeon
  9992 | D:10     | Found a flagged portal.
 10001 | Bailey   | Entered a bailey
 10181 | Bailey   | Reached ***** piety under Sif Muna
 10186 | Bailey   | Reached skill level 10 in Spellcasting
 10396 | Bailey   | Noticed an orc knight
 10405 | Bailey   | Killed an orc knight
 10484 | Bailey   | Found a large runed translucent door.
 10484 | Bailey   | Found a large runed translucent door.
 10485 | Bailey   | Noticed a deep elf zephyrmancer
 10545 | Bailey   | Killed a deep elf zephyrmancer
 10556 | Bailey   | Identified the +0 scale mail "Okalar" {rCorr}
 10692 | D:10     | Received a gift from Sif Muna
 10703 | D:10     | Got Sif Muna's Secrets of Telluric Peregrination {god gift}
 10818 | D:10     | Found a staircase to the Orcish Mines.
 11186 | Lair:1   | Entered Level 1 of the Lair of Beasts
 11489 | Lair:1   | Identified the +9 dagger of the Oily God {venom, SInv}
 11613 | Lair:1   | Found an ancient bone altar of Kikubaaqudgha.
 11761 | Lair:1   | Reached skill level 5 in Shields
 12045 | Lair:1   | Reached XP level 12. HP: 76/94 MP: 26/26
 12423 | Lair:2   | Reached skill level 11 in Spellcasting
 12661 | Lair:2   | Reached skill level 10 in Necromancy
 13267 | Lair:2   | Received a gift from Sif Muna
 13278 | Lair:2   | Got Sif Muna's Spellbook of the Blizzard and the Tempest
                  | {god gift}
 13670 | Lair:2   | Found a staircase to the Shoals.
 14029 | Lair:2   | Identified the +1 plate armour "Rerreoju" {Rampage}
 14181 | Lair:3   | Upgraded the game from 0.30-a0-476-g330ca2e to
                  | 0.30-a0-600-gb7c8574
 14399 | Lair:3   | Found a staircase to the Snake Pit.
 14460 | Lair:3   | Found a transporter.
 14568 | Lair:3   | Noticed a four-headed hydra
 14569 | Lair:3   | Found a transporter.
 14599 | Lair:3   | Found the +4 robe of Folly {Brilliance Will-∞ Int+8}
 14607 | Lair:3   | Noticed dontdoit's ghost (adept DrRe)
 14663 | Lair:3   | Gained mutation: You are strongly in touch with the powers
                  | of death. [Mummy growth]
 14663 | Lair:3   | Reached XP level 13. HP: 100/101 MP: 28/28
 15525 | Lair:4   | Reached skill level 12 in Spellcasting
 16373 | Lair:4   | Reached skill level 10 in Fighting
 16549 | Lair:4   | Found a runed translucent door.
 16550 | Lair:4   | Found a viscous altar of Jiyva.
 16552 | Lair:4   | Found a staircase to the Slime Pits.
 16911 | Lair:5   | Entered Level 5 of the Lair of Beasts
 16916 | Lair:4   | Upgraded the game from 0.30-a0-600-gb7c8574 to
                  | 0.30-a0-632-g346586f
 17318 | Lair:4   | Received a gift from Sif Muna
 17378 | Lair:4   | Learned a level 4 spell: Anguish
 17499 | Lair:4   | Upgraded the game from 0.30-a0-632-g346586f to
                  | 0.30-a0-634-g8abc852
 17591 | Lair:5   | Reached skill level 1 in Hexes
 18448 | Lair:5   | Reached XP level 14. HP: 106/111 MP: 30/30
 18717 | Lair:5   | Reached skill level 13 in Spellcasting
 19007 | Lair:5   | Received a gift from Sif Muna
 19008 | Lair:5   | Got Sif Muna's Excursus on the Evil Shot {god gift}
 19014 | Lair:5   | Learned a level 4 spell: Dispel Undead
 19670 | Lair:5   | Identified the +2 dagger of Icwykih {heavy, Stlth+}
 20082 | Lair:5   | Learned a level 2 spell: Ensorcelled Hibernation
 20647 | D:10     | Noticed Snorg
 20663 | D:10     | Killed Snorg
 20839 | D:10     | Found a radiant altar of Vehumet.
 21593 | D:11     | Reached skill level 1 in Short Blades
 21593 | D:11     | Reached skill level 1 in Ice Magic
 23710 | D:13     | Received a gift from Sif Muna
 23713 | D:13     | Got Becebuoxta's Verses on the Snake {god gift}
 24891 | D:13     | Found a gate to the Vaults.
 24996 | D:14     | Found a hide-covered altar of Uskayaw.
 25005 | D:14     | Noticed Louise
 25232 | Orc:1    | Entered Level 1 of the Orcish Mines
 25233 | Orc:1    | Found Reon's Magic Scroll Shoppe.
 25259 | Orc:1    | Reached XP level 15. HP: 63/119 MP: 20/32
 25264 | Orc:1    | Paralysed by an orc sorcerer for 3 turns
 25451 | Orc:1    | Bought a scroll of magic mapping for 97 gold pieces
 25451 | Orc:1    | Bought a scroll of poison for 52 gold pieces
 25451 | Orc:1    | Bought a scroll of poison for 52 gold pieces
 26074 | Orc:2    | Entered Level 2 of the Orcish Mines
 26379 | Orc:2    | Received a gift from Sif Muna
 26380 | Orc:2    | Got Yrchoom's Encyclopedia of Scorched Jinxing {god gift}
 26618 | Orc:2    | Noticed Maurice
 26629 | Orc:2    | Killed Maurice
 26673 | Orc:2    | Found a staircase to the Elven Halls.
 27400 | Orc:1    | Reached skill level 10 in Dodging
 27836 | Orc:2    | Noticed Azrael
 28248 | Orc:2    | Killed Azrael
 28611 | Orc:2    | Reached skill level 14 in Spellcasting
 29176 | Orc:2    | Reached ****** piety under Sif Muna
 29317 | Orc:2    | Found Loddinn's Armour Shop.
 29317 | Orc:2    | Found Segef's Antique Weapon Emporium.
 29319 | Orc:2    | Found Suizi's Magic Scroll Shoppe.
 29321 | Orc:2    | Found Wuebb's General Store.
 29342 | Orc:2    | Bought a scroll of enchant armour for 97 gold pieces
 29342 | Orc:2    | Bought a scroll of blinking for 97 gold pieces
 29342 | Orc:2    | Bought a scroll of teleportation for 39 gold pieces
 29344 | Orc:2    | Bought an encrusted dagger for 161 gold pieces
 29344 | Orc:2    | Identified the +10 dagger of the Spheres {heavy, rC++} (You
                  | bought it in a shop on level 2 of the Orcish Mines)
 29535 | D:13     | Received a gift from Sif Muna
 29536 | D:13     | Got Sif Muna's Encyclopedia of Roasted Haze {god gift}
 29587 | D:14     | Found a runed translucent door.
 29590 | D:14     | Found a runed translucent door.
 29591 | D:14     | Noticed a frost giant
 29592 | D:14     | Noticed a lich
 29597 | D:14     | Noticed Draconius's ghost (adept GrFi)
 29722 | D:14     | Reached skill level 10 in Invocations
 30104 | D:14     | Killed Louise
 31251 | D:15     | Entered Level 15 of the Dungeon
 31709 | D:15     | Found a runed translucent gate.
 31709 | D:15     | Found a runed translucent gate.
 31710 | D:15     | Found a runed translucent gate.
 31713 | D:15     | Noticed a storm dragon
 31719 | D:15     | Noticed Orra's ghost (adept MiAK)
 31741 | D:15     | Noticed a tengu reaver
 33183 | D:13     | Received a gift from Sif Muna
 33184 | D:13     | Got Affihuk's Catalogue of the Cunning Stinger {god gift}
 33485 | Snake:1  | Entered Level 1 of the Snake Pit
 33671 | Snake:1  | Identified the +5 falchion of Miphaucw {venom, rF+ Str+4
                  | Int+4 SInv}
 34459 | Snake:1  | Reached skill level 1 in Summonings
 34584 | Snake:2  | Noticed Roxanne
 35123 | Snake:1  | Mangled by a salamander

Illustrated notes

Levels and vault maps discovered:
D:1:      sevenhm_arrival_forest_fort_small_5, layout_rooms,
          chequers_ecumenical_altar_simple_redux
D:2:      layout_basic, grunt_ministairs_7, uniq_robin
D:3:      layout_loops_corners, grunt_decor_junction, uniq_pargi, uniq_terence,
          uniq_crazy_yiuf_cottage
D:4:      layout_layer_cave, cheibrodos_ashenzari_chains, uniq_blork_the_orc,
          uniq_natasha
D:5:      layout_rooms, gammafunk_temple_overflow_pools,
          minmay_temple_entry_stoned_glass, uniq_edmund, uniq_eustachio
D:6:      layout_loops_ring, enter_ossuary_5
D:7:      layout_basic, lemuel_mausoleum_altar_yredelemnul, grunt_ministairs_6
D:8:      cheibrodos_barr_body, layout_rooms, erik_lair_dragon, uniq_pikel,
          uniq_erica
D:9:      layout_gridville, uniq_psyche
D:10:     layout_basic, mainiacjoe_overflow_24_doors, orc_david_3,
          enter_bailey_3, palyth_stone_intersect, uniq_snorg
D:11:     layout_layer_cave
D:12:     layout_stronghold, serial_ice, serial_ice_m, serial_ice_l,
          serial_ice_e, serial_ice_o, serial_ice_g, serial_ice_n, serial_ice_h,
          serial_ice_b, nicolae_lava_and_water
D:13:     layout_irregular_city, ximxim_vaults_locker_room, grunt_decor_clamped
D:14:     layout_long_grid, muffindrake_ghost_dual_entry, serial_ice,
          serial_ice_f, serial_ice_b, serial_ice_k, serial_ice_h, serial_ice_m,
          serial_ice_a, serial_ice_g, nicolae_uskayaw_murder_on_the_dancefloor,
          chequers_serial_rivers_small_a, uniq_louise
D:15:     gammafunk_enter_depths_forms, layout_long_grid, gammafunk_ghost_split,
          hangedman_decor_clover_reticule
Temple:   bh_familiar_temple
Lair:1:   layout_misc_corridors, basic_altar, pdpol_lair_cavern_descent,
          lemuel_fruit_fields, grunt_megastairs_4
Lair:2:   layout_cave_pods, minmay_shoals_entry_hut, bobbens_dragon_lair_wall
Lair:3:   dpeg_oklob_shooting_range, layout_small_grid,
          guppyfry_snake_entry_island, nzn_ghost_randoct,
          small_statue_intersection
Lair:4:   layout_roguey, slime_entry_2, grunt_megastairs_2, serial_bayou_shore_a
Lair:5:   gammafunk_lair_ancient_temple, layout_small_grid,
          cheibrodos_lair_lostbears
Snake:1:  layout_onion
Snake:2:  layout_cave_town, uniq_aizul, uniq_roxanne
Orc:1:    layout_caves, basic_altar, serial_shops, nicolae_shop_statue_plus
Orc:2:    st_orc_rangers, layout_caves, basic_altar, elves_outpost_lemuel,
          uniq_maurice, uniq_azrael

Skill      XL: |  1  2  3  4  5  6  7  8  9 10 11 12 13 14 15 |
---------------+----------------------------------------------+-----
Spellcasting   | 3 4 5 6 7 8 9 10 11 12 13 14 | 14.7
Fighting       | 1 2 3 4 5 6 7 8 9 10 11 12 | 12.3
Dodging        | 2 3 4 5 6 7 8 9 10 | 10.4
Necromancy     | 5 6 7 8 9 10 11 12 | 12.0
Invocations    | 2 4 5 6 7 8 9 10 | 10.0
Shields        | 2 3 5 6 7 8 9 |  9.2
Hexes          | 1 2 |  2.0
Stealth        | 3 4 |  4.0
Short Blades   | 2 4 |  4.4
Ice Magic      | 2 |  2.0
Summonings     | 1 |  1.6

Action                   |  1- 3 |  4- 6 |  7- 9 | 10-12 | 13-15 || total
-------------------------+-------+-------+-------+-------+-------++-------
Melee: Short sword       |    21 |       |       |   282 |       ||   303
       Spear             |     2 |       |       |       |       ||     2
       Whip              |    46 |   132 |    87 |    48 |       ||   313
       Punch             |       |     2 |     1 |       |       ||     3
       Dire flail        |       |       |   258 |    93 |       ||   351
       Dagger            |       |       |       |   351 |  1543 ||  1894
Throw: Dart              |       |       |       |    41 |       ||    41
 Cast: Necrotise         |    45 |    35 |    57 |     9 |       ||   146
       Vampiric Draining |       |     4 |    28 |    91 |    71 ||   194
       Scorch            |       |       |     1 |    10 |     4 ||    15
       Summon Guardian G |       |       |       |    14 |     5 ||    19
       Agony             |       |       |       |    39 |   235 ||   274
       Anguish           |       |       |       |       |    33 ||    33
       Dispel Undead     |       |       |       |       |    20 ||    20
       Ensorcelled Hiber |       |       |       |       |    14 ||    14
Invok: Channel Magic     |       |       |       |     1 |     3 ||     4
Evoke: Wand              |       |    10 |     7 |    19 |    26 ||    62
  Use: Scroll            |       |     4 |     9 |     4 |    12 ||    29
 Stab: Sleeping          |     5 |     2 |     4 |     3 |    23 ||    37
       Petrified         |       |       |       |       |     1 ||     1
Armor: Robe              |    15 |    88 |   145 |   257 |   489 ||   994
Dodge: Dodged            |    60 |   130 |   280 |   821 |  1510 ||  2801
Block: Kite shield       |       |       |       |   458 |  1546 ||  2004
       Reflection        |       |       |       |       |    97 ||    97
       Tower shield      |       |       |       |       |   135 ||   135

Table legend: (Time is in decaauts)
 A = Elapsed time spent in this place.
 B = Non-inter-level travel time spent in this place.
 C = Inter-level travel time spent in this place.
 D = Time resting spent in this place.
 E = Time spent auto-exploring this place.
 F = Levels seen in this place.
 G = Mean time per level.
                   A        B        C        D        E       F      G
               +--------+--------+--------+--------+--------+-----+--------+
         Total |  35620 |  33927 |   1693 |   6077 |  16142 |  27 | 1319.3 |
       Dungeon |  19315 |  18107 |   1208 |   1892 |  10522 |  15 | 1287.7 |
        Temple |     68 |     43 |     25 |      0 |     38 |   1 |   68.0 |
          Lair |   9352 |   8976 |    376 |   1483 |   4207 |   5 | 1870.4 |
     Snake Pit |   1652 |   1629 |     23 |    362 |    755 |   2 |  826.0 |
  Orcish Mines |   4164 |   4104 |     60 |   2143 |    575 |   2 | 2082.0 |
       Ossuary |    390 |    390 |      0 |     28 |      0 |   1 |  390.0 |
        Bailey |    676 |    676 |      0 |    169 |     45 |   1 |  676.0 |
               +--------+--------+--------+--------+--------+-----+--------+

Top non-repeatable levels by time:
  Lair:5: 2766 daAuts
   Orc:1: 2234 daAuts
  Lair:4: 2133 daAuts
    D:14: 2026 daAuts
   Orc:2: 1929 daAuts
     D:8: 1878 daAuts
    D:13: 1822 daAuts
  Lair:2: 1803 daAuts
    D:15: 1698 daAuts
     D:4: 1600 daAuts
  Lair:1: 1426 daAuts
    D:12: 1419 daAuts
     D:3: 1327 daAuts
    D:10: 1253 daAuts
  Lair:3: 1222 daAuts
